 Dungeon Crawl Stone Soup version 0.27.1-34-g3ba077fa99 (webtiles) character file.

Game seed: 11220457510469058079

2227 ticklebelly the Cleaver (level 9, -1/81 HPs)
             Began as a Minotaur Berserker on Jan 7, 2022.
             Was a Priest of Trog.
             Slain by a quasit (2 damage)
             ... summoned by a kobold demonologist
             ... on level 7 of the Dungeon.
             The game lasted 00:11:44 (5522 turns).

ticklebelly the Cleaver (Minotaur Berserker)        Turns: 5522, Time: 00:11:45

Health: -1/81      AC: 12    Str: 24    XL:     9   Next: 14%
Magic:  8/8        EV: 11    Int:  4    God:    Trog [***...]
Gold:   288        SH: 11    Dex: 11    Spells: 8/8 levels left

rFire    . . .     SeeInvis .   a - +0 hand axe
rCold    . . .     Faith    .   v - +0 kite shield
rNeg     . . .     Spirit   .   g - +0 chain mail
rPois    .         Reflect  .   (helmet restricted)
rElec    .         Harm     .   (no cloak)
rCorr    .         Rampage  .   n - +0 pair of gloves
Will     ++...                  (no boots)
Stlth    ..........             (no amulet)
HPRegen  1.23/turn              C - +4 ring of evasion
MPRegen  0.11/turn              e - ring of flight

@: lethally poisoned (-1 -> -2), about to teleport, strong-willed, flying,
mesmerised, regenerating
A: horns 2, retaliatory headbutt
a: Renounce Religion, Berserk, Trog's Hand


You were on level 7 of the Dungeon.
You worshipped Trog.
Trog was most pleased with you.
You visited 1 branch of the dungeon, and saw 7 of its levels.

You collected 288 gold pieces.

Inventory:

Hand Weapons
 a - a +0 hand axe (weapon)
Missiles
 E - 5 boomerangs (quivered)
Armour
 g - a +0 chain mail (worn)
 n - a +0 pair of gloves (worn)
 o - a +0 tower shield
 v - a +0 kite shield (worn)
Jewellery
 e - a ring of flight (right hand)
 C - a +4 ring of evasion (left hand)
Wands
 m - a wand of flame (37)
 t - a wand of mindburst (13)
 x - a wand of paralysis (10)
 y - a wand of polymorph (1)
 B - a wand of digging (8)
Scrolls
 c - a scroll of immolation {unknown}
 h - a scroll of magic mapping {unknown}
 i - 5 scrolls of noise {unknown}
 k - 4 scrolls of identify {unknown}
 l - a scroll of torment {unknown}
 q - a scroll of enchant weapon {unknown}
 r - 2 scrolls of enchant armour {unknown}
 u - a scroll of blinking {unknown}
Potions
 b - a potion of ambrosia {unknown}
 d - 2 potions of cancellation {unknown}
 f - 2 potions of invisibility {unknown}
 j - 2 potions of curing {unknown}
 p - a potion of degeneration {unknown}
 s - 2 potions of heal wounds
 w - a potion of might {unknown}
 z - a potion of flight {unknown}
 D - a potion of magic {unknown}
 F - a potion of attraction {unknown}


   Skills:
 + Level 8.2 Fighting
 + Level 8.2 Axes
 + Level 7.8 Armour
 - Level 2.1 Dodging
 + Level 6.7 Shields


You had 8 spell levels left.
You didn't know any spells.
Your spell library was empty.

Dungeon Overview and Level Annotations

Branches:
Dungeon (7/15)             Temple (0/1) D:6

Altars:
Cheibriados

Shops:
D:7 (![!

Annotations:
D:7 Maggie


Innate Abilities, Weirdness & Mutations

You have a pair of horns on your head.
You reflexively headbutt those who attack you in melee.


Message History

The kobold brigand hits you with a +0 dagger.
The kobold demonologist looks encouraged for a moment.
You hit Maggie.
Maggie is moderately wounded.
Your shield and chain mail prevent you from hitting the quasit.
You hit the kobold brigand. You barely miss the kobold brigand.
You closely miss the kobold demonologist.
Your shield prevents you from hitting the chaos spawn.
You closely miss something.
You feel sick.
Maggie casts a spell.
Maggie draws you further into her thrall.
You block the kobold brigand's attack. You block the quasit's attack.
The quasit barely misses you. x2; Something hits you.
Something shocks you.
* * * LOW HITPOINT WARNING * * *
The chaos spawn gores you but does no damage.
A kobold brigand comes into view.
It is wielding a +0 long sword and quivering poisoned darts.
The kobold brigand hits you with a +0 dagger.
* * * LOW HITPOINT WARNING * * *
The kobold demonologist closely misses you.
You furiously retaliate!
You headbutt the kobold demonologist.
Maggie hits you with a +2 halberd of pain!
* * * LOW HITPOINT WARNING * * *
You writhe in agony.
* * * LOW HITPOINT WARNING * * *
The kobold brigand shouts!
As you read the scroll labelled ARACSU NULLI, it crumbles to dust.
You feel strangely unstable.
It was a scroll of teleportation.
You feel sick.
The quasit bites you but does no damage.
You block the quasit's attack. x2; The kobold brigand barely misses you.
A sky beast appears from thin air!
Reactivating autopickup.
The sky beast hits you.
* * * LOW HITPOINT WARNING * * *
The sky beast shocks you.
* * * LOW HITPOINT WARNING * * *
The chaos spawn closely misses you.
The kobold brigand hits you with a +0 dagger.
* * * LOW HITPOINT WARNING * * *
The quasit bites you.
You die...

#.. ..# # . ##.#. #.#
.# .. ...K.
#.####.##.#.
.....#.##..... ..
..##...#K##.#.##.#.
#........KK5@......
..♣.♣.♣)♣K@#.#
#..∩.§§§5K4Y.##
##.♣.♣§§§♣.K.....#
#...⌠.§§⌠........#
#..♣.♣.♣.♣........#
.##...∩.⌠.∩...##...##
#.....♣.♣.♣.♣..##..##
####...........##..#
######)#######..#


You could see Maggie (mesmerising), a kobold demonologist, a chaos spawn
(summoned), a sky beast, 3 kobold brigands, a quasit (summoned), a crimson imp
(summoned) and 2 kobolds.

Vanquished Creatures
  Joseph (D:7)
  Grinder (D:3)
  Eustachio (D:4)
  A water moccasin (D:5)
  An ice beast (D:6)
  2 sky beasts (D:5)
  A black bear (D:7)
  2 necrophages (D:5)
  2 ogres
  A centaur (D:5)
  2 kobold brigands
  A gnoll sergeant (D:5)
  A howler monkey (D:5)
  2 hounds (D:5)
  A jelly (D:4)
  A centaur zombie (D:6)
  A bullfrog skeleton (D:6)
  An iron imp (D:6)
  Terence (D:2)
  Ijyb (D:5)
  5 gnolls (D:5)
  4 adders
  A worm (D:3)
  3 dart slugs
  11 orcs
  8 ball pythons
  9 endoplasms
  2 giant cockroaches (D:1)
  6 hobgoblins
  5 jackals
  3 quokkas
  7 bats
  2 frilled lizards
  4 goblins
  16 kobolds
  5 rats
116 creatures vanquished.

Vanquished Creatures (others)
  An orc wizard (D:7)
1 creature vanquished.

Grand Total: 117 creatures vanquished

Notes
Turn   | Place    | Note
-------+----------+-------------------------------------------
     0 | D:1      | ticklebelly the Minotaur Berserker began the quest for the
                  | Orb.
     0 | D:1      | Reached XP level 1. HP: 19/19 MP: 0/0
   305 | D:1      | Reached XP level 2. HP: 27/27 MP: 1/1
   861 | D:2      | Noticed Terence
   872 | D:2      | Killed Terence
   873 | D:2      | Reached XP level 3. HP: 20/34 MP: 2/2
  1164 | D:2      | Reached ** piety under Trog
  1356 | D:2      | Reached XP level 4. HP: 41/41 MP: 3/3
  1990 | D:3      | Found a faded altar of an unknown god.
  2087 | D:3      | Noticed Grinder
  2103 | D:3      | Killed Grinder
  2104 | D:3      | Reached skill level 5 in Fighting
  2104 | D:3      | Reached skill level 5 in Axes
  2104 | D:3      | Reached XP level 5. HP: 48/48 MP: 4/4
  2104 | D:3      | Reached XP level 6. HP: 56/56 MP: 5/5
  2409 | D:4      | Reached skill level 5 in Armour
  2572 | D:4      | Noticed Eustachio
  2589 | D:4      | Killed Eustachio
  2590 | D:4      | Reached XP level 7. HP: 59/63 MP: 6/6
  3004 | D:5      | Entered Level 5 of the Dungeon
  3146 | D:5      | Reached *** piety under Trog
  3380 | D:5      | Reached XP level 8. HP: 57/71 MP: 7/7
  3432 | D:5      | Reached skill level 5 in Shields
  3627 | D:5      | Noticed Ijyb
  3888 | D:5      | Killed Ijyb
  4511 | D:6      | Found a snail-covered altar of Cheibriados.
  4546 | D:6      | Found a staircase to the Ecumenical Temple.
  5270 | D:7      | Found Ekhlaestri's Distillery.
  5272 | D:7      | Noticed Joseph
  5273 | D:7      | Found Tain's Distillery.
  5291 | D:7      | Killed Joseph
  5292 | D:7      | Reached XP level 9. HP: 51/81 MP: 8/8
  5483 | D:7      | Found Xoutao's Weapon Emporium.
  5484 | D:7      | Found Jiutaan's Armour Emporium.
  5501 | D:7      | Noticed a kobold demonologist
  5503 | D:7      | Noticed Maggie
  5522 | D:7      | HP: 3/81 [sky beast (5)]
  5522 | D:7      | HP: 1/81 [kobold brigand (2)]
  5522 | D:7      | Slain by a quasit

Illustrated notes

Levels and vault maps discovered:
D:1:      minmay_arrival_five_plusses, layout_rooms
D:2:      minmay_angry_zag, layout_loops_ring, kennysheep_nub,
          minmay_tromino_v4_c, uniq_terence
D:3:      layout_basic, chequers_ecumenical_altar_grove,
          kennysheep_generic_room_6, uniq_grinder
D:4:      layout_cave_pools, nicolae_underground_beach, uniq_eustachio
D:5:      layout_loops_ring, chequers_serial_rivers_large_b, uniq_ijyb
D:6:      layout_loops_ring, slow_altar_1, minmay_temple_entry_stoned_glass
D:7:      layout_loops_ring, lightli_temple_of_fire, minmay_shop_grid_forest,
          uniq_maggie, uniq_menkaure, uniq_joseph, uniq_duvessa

Skill      XL: |  1  2  3  4  5  6  7  8 |
---------------+-------------------------+-----
Fighting       | 4 5 6 8 |  8.2
Axes           | 4 5 6 8 |  8.2
Armour         | 3 4 5 6 7 |  7.8
Shields        | 2 3 4 6 |  6.7
Dodging        | |  2.1

Action                   |  1- 3 |  4- 6 |  7- 9 || total
-------------------------+-------+-------+-------++-------
Melee: Hand axe          |    64 |    81 |   228 ||   373
       Headbutt          |     9 |    12 |    43 ||    64
Invok: Berserk           |     2 |     3 |     3 ||     8
       Trog's Hand       |       |     1 |     1 ||     2
  Use: Scroll            |       |       |     2 ||     2
Armor: Animal skin       |     8 |       |       ||     8
       Chain mail        |    16 |    45 |   109 ||   170
       Skin              |       |       |     3 ||     3
Dodge: Dodged            |    42 |    31 |    64 ||   137
Block: Tower shield      |       |    32 |       ||    32
       Kite shield       |       |    18 |   122 ||   140
